 Dungeon Crawl Stone Soup version 0.29.0-4-gdea44cf6ec (webtiles) character file.

Game seed: 3586332304763151450

14 qw the Sneak (level 2, -1/19 HPs)
             Began as a Gargoyle Delver on Sept 10, 2022.
             Slain by a phantom (2 damage)
             ... on level 4 of the Dungeon.
             The game lasted 00:00:10 (493 turns).

qw the Sneak (Gargoyle Delver)                       Turns: 493, Time: 00:00:10

Health: -1/19      AC:  5    Str: 15    XL:     2   Next: 41%
Magic:  2/2        EV: 11    Int: 10    God:
Gold:   8          SH:  0    Dex: 11    Spells: 1/1 levels left

rFire   . . .      SeeInvis .   a - +0 hand axe
rCold   . . .      Faith    .   (no shield)
rNeg    + . .      Spirit   .   b - +0 leather armour
rPois   inf        Reflect  .   (no helmet)
rElec   +          Harm     .   (no cloak)
rCorr   .          Rampage  .   (no gloves)
Will    .....                   (no boots)
Stlth   +++.......              (no amulet)
HPRegen 0.06/turn               (no ring)
MPRegen 0.08/turn               (no ring)

@: no status effects
A: sickness immunity, AC +2, negative energy resistance 1, electricity
resistance, torment resistance 1, petrification resistance
a: no special abilities


You were on level 4 of the Dungeon.
You visited 1 branch of the dungeon, and saw 2 of its levels.

You collected 8 gold pieces.


Innate Abilities, Weirdness & Mutations

You are immune to sickness and miasma.
Your stone body is resilient. (AC +2)
You are immune to poison.
You resist negative energy. (rN+)
You are resistant to electric shocks. (rElec)
You are resistant to unholy torment.
You are immune to petrification.


   Skills:
 - Level 3.2 Fighting
 + Level 2.7 Axes
 - Level 1.5 Dodging
 - Level 5.4 Stealth


You had one spell level left.
You didn't know any spells.
Your spell library was empty.

Inventory:

Hand Weapons
 a - a +0 hand axe (weapon)
 e - a +0 flail
Armour
 b - a +0 leather armour (worn)
Wands
 g - a wand of digging (3)
Scrolls
 c - a scroll of blinking {unknown}
 d - a scroll of poison {unknown}
Potions
 f - a potion of haste

Dungeon Overview and Level Annotations

Branches:
Dungeon (5/15)
 Temple: D:4-7

Altars:
Gozag


Message History

The phantom is lightly damaged.
The phantom closely misses you.
You hit the phantom.
The phantom is moderately damaged.
The phantom hits you.
The phantom hits you but does no damage.
You barely miss the phantom.
The phantom is moderately damaged.
The phantom barely misses you.
You hit the phantom but do no damage.
The phantom is moderately damaged.
The phantom closely misses you.
You hit the phantom but do no damage.
The phantom is moderately damaged.
The phantom closely misses you.
You barely miss the phantom.
The phantom is moderately damaged.
The phantom misses you.
You barely miss the phantom.
The phantom is moderately damaged.
The phantom barely misses you. The phantom completely misses you.
You hit the phantom but do no damage.
The phantom is moderately damaged.
The phantom closely misses you.
You miss the phantom.
The phantom is moderately damaged.
The phantom hits you.
You hit the phantom but do no damage.
The phantom is moderately damaged.
The phantom barely misses you.
You closely miss the phantom.
The phantom is moderately damaged.
The phantom barely misses you.
You closely miss the phantom.
The phantom is moderately damaged.
The phantom hits you.
The phantom blinks!
You blink.
You hit the phantom but do no damage.
The phantom is moderately damaged.
The phantom hits you.
You die...

#.# .# #.# .# ####.##
##.# #...#.# ##..##
#.##.##
###....########.#...#
........¤¤..........
#..W.########.#...#
##@.# #....## ##.#
####.# .# #.# .# .#
.# # .. .. #.


You could see a phantom.

Vanquished Creatures
  An adder (D:4)
  A ball python (D:4)
  An endoplasm (D:4)
  A kobold (D:4)
4 creatures vanquished.

Notes
Turn   | Place    | Note
-------+----------+-------------------------------------------
     0 | D:5      | qw the Gargoyle Delver began the quest for the Orb.
     0 | D:5      | Reached XP level 1. HP: 14/14 MP: 1/1
     0 | D:5      | 0 ||| qw: Version: 0.1-a-117-gfe26ee0
     0 | D:5      | 0 ||| qw: Game counter: 9632
     0 | D:5      | 0 ||| qw: Always use a shield: true
     0 | D:5      | 0 ||| qw: God list: Okawaru
     0 | D:5      | 0 ||| qw: Allow faded altars: false
     0 | D:5      | 0 ||| qw: Do Orc after D:15 true
     0 | D:5      | 0 ||| qw: Do second Lair branch before Depths: true
     0 | D:5      | 0 ||| qw: Lair rune preference: random
     0 | D:5      | 0 ||| qw: Plans: Normal
     0 | D:5      | 0 ||| PLANNING D:1-11
     4 | D:5      | Found an opulent altar of Gozag.
    91 | D:5      | 91 ||| DROPPING scroll of fog.
    92 | D:5      | 92 ||| DROPPING scroll of magic mapping.
    93 | D:5      | 93 ||| DROPPING scroll of fear.
   239 | D:4      | Reached XP level 2. HP: 14/19 MP: 2/2
   330 | D:4      | 330 ||| Stepping ~*~*~tactically~*~*~ (stealth).
   464 | D:4      | Noticed a phantom
   465 | D:4      | 465 ||| Stepping ~*~*~tactically~*~*~ (stealth).
   467 | D:4      | 467 ||| Stepping ~*~*~tactically~*~*~ (stealth).
   471 | D:4      | 471 ||| Stepping ~*~*~tactically~*~*~ (stealth).
   473 | D:4      | 473 ||| Stepping ~*~*~tactically~*~*~ (stealth).
   475 | D:4      | 475 ||| Stepping ~*~*~tactically~*~*~ (stealth).
   489 | D:4      | HP: 4/19 [phantom (3)]
   492 | D:4      | HP: 1/19 [phantom (3)]
   493 | D:4      | Slain by a phantom

Levels and vault maps discovered:
D:4:      layout_loops_corners, mainiacjoe_overflow_alcove_4,
          gammafunk_ghost_cemetery, serial_shops, shop, supply_closet_lemuel
D:5:      minmay_clustersquares, layout_basic, grunt_gozag_statues, uniq_ijyb

Skill      XL: |  1 |
---------------+----+-----
Axes           | 2 |  2.7
Fighting       | |  3.2
Dodging        | |  1.5
Stealth        | |  5.4

Action                   || total
-------------------------++-------
Melee: Hand axe          ||    31
       Punch             ||     1
Armor: Leather armour    ||     7
Dodge: Dodged            ||    18

Table legend:
 A = Non-vault XP
 B = Vault XP
 C = Vault XP percentage of total XP
 D = Non-vault monster count
 E = Vault monster count
 F = Vault count percentage of total count
                 A         B        C        D         E       F
            +---------+---------+-------+---------+---------+-------
      Total |      20 |       0 |   0.0 |       4 |       0 |   0.0
            +---------+---------+-------+---------+---------+-------
        D:4 |      20 |       0 |   0.0 |       4 |       0 |   0.0
            +---------+---------+-------+---------+---------+-------
